 Dungeon Crawl Stone Soup version 0.13.0-13-g27bfa31 (webtiles) character file.

574 Charos the Slasher (level 6, -4/36 HPs)
             Began as a Tengu Skald on Oct 19, 2013.
             Slain by Prince Ribbit (17 damage)
             ... on Level 4 of the Dungeon.
             The game lasted 00:16:50 (5400 turns).

Charos the Slasher (Tengu Skald)                    Turns: 5400, Time: 00:16:51

HP  -4/36        AC  4     Str 14      XL: 6   Next: 72%
MP  10/13        EV 14     Int 12      God:
Gold 199         SH  0     Dex 14      Spells:  3 memorised,  4 levels left

Res.Fire  : . . .   See Invis. : .   a - +0 falchion
Res.Cold  : . . .   Warding    : .   b - +0 leather armour
Life Prot.: . . .   Conserve   : .   (no shield)
Res.Poison: .       Res.Corr.  : .   (helmet restricted)
Res.Elec. : .       Clarity    : .   (no cloak)
Sust.Abil.: . .     Spirit.Shd : .   s - +0 pair of gloves (curse)
Res.Mut.  : .       Stasis     : .   (boots unavailable)
Res.Rott. : .       Flight     : +   (no amulet)
Saprovore : . . .                    (no ring)
                                     (no ring)

@: flying, quick, slightly resistant to hostile enchantments, unstealthy
A: able to fly, beak, talons 3
a: no special abilities


You were on level 4 of the Dungeon.
You were not hungry.

You visited 1 branch of the dungeon, and saw 4 of its levels.

You collected 179 gold pieces.

Inventory:

Hand weapons
 a - a +0,+0 falchion (weapon)
Armour
 b - a +0 leather armour (worn)
 s - a cursed +0 pair of gloves (worn)
Comestibles
 d - a bread ration
 n - 3 meat rations
Scrolls
 e - 2 scrolls of random uselessness {unknown}
 f - a scroll of magic mapping {unknown}
 g - a scroll of amnesia {unknown}
 h - a scroll of remove curse {unknown}
 i - 2 scrolls of recharging {unknown}
 j - a scroll of blinking {unknown}
 k - 2 scrolls of fog {unknown}
 l - 3 scrolls of identify {unknown}
 p - a scroll of teleportation {unknown}
 q - 3 scrolls of enchant weapon II {unknown}
 r - a scroll of curse jewellery {unknown}
 u - a scroll of curse armour {unknown}
Jewellery
 m - an uncursed ring of protection from fire {unknown}
Potions
 o - a potion of curing
Books
 c - a book of Battle

   Spells                             Type                      Level
   *Infusion                          Charms                       1
   *Shroud of Golubria                Charms/Translocation         2
   *Song of Slaying                   Charms                       2
   Spectral Weapon                    Hexes/Charms                 3
   Regeneration                       Charms/Necromancy            3
   Song of Shielding                  Charms                       4


   Skills:
 + Level 3.3 Fighting
 * Level 4.3 Long Blades
 + Level 3.3 Armour
 + Level 3.2 Dodging
 - Level 2.0 Spellcasting
 - Level 3.2 Charms


You had 4 spell levels left.
You knew the following spells:

 Your Spells              Type           Power        Failure   Level  Hunger
a - Infusion              Chrm           #.....       10%         1    ##.....
b - Song of Slaying       Chrm           #.........   12%         2    ###....
c - Shroud of Golubria    Chrm/Tloc      #.........   21%         2    ###....


Dungeon Overview and Level Annotations

Branches:
Dungeon (4/27)
 Temple: D:4-7

Altars:
Elyvilon
Fedhas

Annotations:
D:4 Prince Ribbit


Innate Abilities, Weirdness & Mutations

You can fly.
You have a beak for a mouth.
You have claws for feet.


Message History

Prince Ribbit moves out of view.
The giant eyeball stares at you.
You suddenly lose the ability to move!
Prince Ribbit hits you! The giant eyeball stares at you. You resist.
You can move again.
Unknown command.
You hit the giant eyeball. You claw the giant eyeball.
The giant eyeball is moderately wounded.
Prince Ribbit hits you!
Prince Ribbit hops awkwardly around.
Prince Ribbit hits you!
* * * LOW HITPOINT WARNING * * *
Unknown command.
Drink which item? (? for menu, Esc to quit)
You feel better.
Prince Ribbit lets out a mournful croak.
Prince Ribbit barely misses you.
Use which ability? (? or * to list)
You swoop lightly up into the air.
You feel somewhat more hungry. Prince Ribbit misses you.
Prince Ribbit hits you!
You die...

#### ...# ...# ...# .
...# ..# ...# ...# ...#
.....
...###############......#
................@Fg$....#
##..#############G......#
#..# ....... #..# .......
#..# .#.###. #..# .#.#
#..# .. # #..# .# #>.# .


You could see Prince Ribbit, a giant eyeball and a goblin.

Vanquished Creatures
  An ogre (D:4)
  A hound (D:4)
  3 worker ants
  10 adders
  An inept item mimic (D:2)
  A worm (D:2)
  3 giant geckos
  3 orcs (D:3)
  6 giant cockroaches
  11 hobgoblins
  7 jackals
  8 kobolds
  A ball python (D:2)
  8 bats
  4 giant newts
  12 goblins
  A jackal skeleton (D:4)
  11 rats
92 creatures vanquished.

Notes
Turn   | Place    | Note
--------------------------------------------------------------
     0 | D:1      | Charos, the Tengu Skald, began the quest for the Orb.
     0 | D:1      | Reached XP level 1. HP: 12/12 MP: 3/3
   174 | D:1      | Reached XP level 2. HP: 13/16 MP: 6/6
   643 | D:1      | Reached XP level 3. HP: 17/20 MP: 7/7
   870 | D:1      | Learned a level 2 spell: Song of Slaying
  1525 | D:2      | Reached XP level 4. HP: 14/26 MP: 9/9
  1674 | D:2      | Found a white marble altar of Elyvilon.
  2614 | D:2      | Reached skill level 3 in Charms
  2619 | D:2      | Learned a level 2 spell: Shroud of Golubria
  3026 | D:3      | Reached XP level 5. HP: 13/30 MP: 7/11
  4843 | D:4      | Reached XP level 6. HP: 28/36 MP: 9/13
  5158 | D:4      | Found a blossoming altar of Fedhas.
  5174 | D:4      | Reached skill level 4 in Long Blades
  5321 | D:4      | Noticed an ogre
  5332 | D:4      | Killed an ogre
  5393 | D:4      | Noticed Prince Ribbit
  5394 | D:4      | Paralysed by a giant eyeball for 4 turns
  5400 | D:4      | Slain by Prince Ribbit

Action                   |  1- 3 |  4- 6 || total
-------------------------+-------+-------++-------
Melee: Falchion          |    98 |   207 ||   305
 Cast: Infusion          |       |     3 ||     3
 Abil: Fly               |       |     8 ||     8
  Use: Potion            |     4 |     8 ||    12
 Stab: Invisible         |       |     3 ||     3
